 Dungeon Crawl Stone Soup version 0.19.0-24-gb05acd6 (webtiles) character file.

56857 Gorice the Severer (level 14, -4/192 (195) HPs)
             Began as a Hill Orc Berserker on Nov 20, 2016.
             Was the Champion of Trog.
             Succumbed to poison (dark miasma)
             ... on level 12 of the Dungeon.
             The game lasted 01:32:09 (21926 turns).

Gorice the Severer (Hill Orc Berserker)            Turns: 21926, Time: 01:32:09

HP:   -4/192 (195)  AC: 26    Str: 26    XL:     14   Next: 83%
MP:   3/18          EV:  9    Int:  7    God:    Trog [******]
Gold: 1223          SH:  0    Dex: 14    Spells: 0 memorised, 13 levels left

rFire  . . .     SeeInvis .     a - +0 battleaxe
rCold  . . .     Gourm    .     L - +0 plate armour
rNeg   + . .     Faith    .     (shield currently unavailable)
rPois  .         Spirit   +     (no helmet)
rElec  .         Reflect  .     I - +2 cloak {+Inv}
rCorr  .         Harm     .     U - +0 pair of gloves
MR     +....     Rnd*Rage +     (no boots)
Stlth  ..........               y - amulet of guardian spirit
                                T - ring of positive energy
                                e - +3 ring of protection

@: berserking (expiring), lethally poisoned (-4 -> -89), very slightly
contaminated, non-regenerating, diseased, hasted and slowed, studying Armour
A: berserk 1
a: Berserk, Trog's Hand, Brothers in Arms, Burn Spellbooks, Renounce Religion,
Evoke Invisibility


You were on level 12 of the Dungeon.
You worshipped Trog.
Trog was exalted by your worship.
You were hungry.

You visited 2 branches of the dungeon, and saw 18 of its levels.

You collected 1223 gold pieces.

Inventory:

Hand Weapons
 a - a +0 battleaxe (weapon)
 b - a +0 trident of venom
   (You took it off an orc warrior on level 9 of the Dungeon)
 q - a +3 broad axe of freezing
   (Trog gifted it to you on level 11 of the Dungeon)
 B - a +0 blowgun
Missiles
 o - 21 poisoned needles
 E - 2 exploding tomahawks
 O - 15 tomahawks (quivered)
Armour
 I - a +2 cloak of invisibility (worn)
   (You found it on level 5 of the Dungeon)
 L - a +0 plate armour (worn)
 U - a +0 pair of gloves (worn)
Jewellery
 e - a +3 ring of protection (left hand)
 u - an uncursed ring of fire
 y - an amulet of guardian spirit (around neck)
 K - an uncursed ring of ice
 T - a ring of positive energy (right hand)
 W - a +4 ring of strength
Wands
 j - a wand of iceblast (11/15)
 k - a wand of lightning (4/15)
 w - a wand of polymorph (13/24)
 C - a wand of disintegration (9/24)
 F - a wand of hasting (9/9) {!d}
 J - a wand of confusion (12/48)
 Q - a wand of iceblast (11/15)
 V - a wand of acid (6/15)
Scrolls
 f - 5 scrolls of remove curse
 h - a scroll of recharging
 l - 2 scrolls of magic mapping {!r}
 p - 3 scrolls of teleportation {!r}
 x - a scroll of fog
 N - a scroll of fear {!r}
Potions
 i - 2 potions of cancellation {!q}
 m - 6 potions of curing
 s - a potion of berserk rage
 t - 3 potions of haste {!q}
 v - 3 potions of might {!q}
 z - a potion of degeneration {unknown}
 A - a potion of agility {!q}
 D - a potion of lignification {!q}
 H - a potion of beneficial mutation {unknown}
Books
 d - a manual of Armour {!d}
Miscellaneous
 M - a sack of spiders
 R - a fan of gales
Comestibles
 c - 10 bread rations {!e}
 g - 3 chunks of flesh
 n - 8 fruits
 r - 7 slices of pizza
 G - a meat ration {!e}


   Skills:
 + Level 13.8 Fighting
 - Level 20.3 Axes
 + Level 17.5 Armour
 - Level 1.5 Dodging
 - Level 6.1 Evocations


You had 13 spell levels left.
You didn't know any spells.

Dungeon Overview and Level Annotations

Branches:
Dungeon (12/15)            Temple (0/1) D:4            Lair (6/6) D:8
  Swamp (0/4) Lair:3        Snake (0/4) Lair:3        Slime (0/5) Lair:5
    Orc (0/2) D:12

Altars:
Elyvilon
Hepliaklqana
Nemelex Xobeh
Ru
Uskayaw
Xom
Zin
The Shining One

Shops:
D:7 :

Portals:
Trove: D:12 (give +3 shadow dragon scales)


Innate Abilities, Weirdness & Mutations

You tend to lose your temper in combat.


Message History

* * * LOW HITPOINT WARNING * * *
You feel sick. Nessos bites you but does no damage. x2
Damage: 2 (max 17) Unknown command.
A red film seems to cover your vision as you go berserk!
You feel yourself moving faster!
You feel mighty!
You are feeling hungry.
* * * LOW HITPOINT WARNING * * *
You feel sick. Nessos closely misses you.
You closely miss Nessos.
Nessos is heavily wounded.
* * * LOW HITPOINT WARNING * * *
You feel sick. Nessos bites you but does no damage.
Damage: 2 (max 17)
You closely miss Nessos.
Nessos is heavily wounded.
* * * LOW HITPOINT WARNING * * *
You feel sick. Nessos breathes miasma at you. The foul vapour engulfs you!
You are more poisoned.
You feel as though you will be slow longer.
* * * LOW HITPOINT WARNING * * *
Damage: 4 (max 17)
You slice Nessos!!
Nessos is almost dead.
You are engulfed in dark miasma.
You are more poisoned.
You feel your flesh rotting away!
You feel as though you will be slow longer.
* * * LOW HITPOINT WARNING * * *
x2 You feel very sick.
Nessos bites you but does no damage.
Damage: 7 (max 17)
You slash Nessos!
You kill Nessos!
Trog accepts your kill.
Nessos returns to his original shape as he dies.
You are engulfed in dark miasma.
You are more poisoned.
* * * LOW HITPOINT WARNING * * *
x2 You feel very sick.
Damage: 7 (max 17) Unknown command.
Unknown command.
Unknown command.
Unknown command.
You are too berserk!
Really walk into that cloud of foul pestilence?
Okay, then.
You die...

#....# ............>#
#....## ..........##.....#
... .........##.....# ...
.................
###.####......#.........
#............#.......... .
#.......................
..###...§§§.#..##.........
........§@§..#.##.........
.......§§§...............
###...§##.....#.........
#...)##.....#.........
#$...)......#.........
..o.....###[###+#'#.........
>....8......................
............................
......#...).............####


There were no monsters in sight!

Vanquished Creatures
  Kirke (Lair:5)
  Josephine (Lair:5)
  6 hydras
  A fire crab (Lair:6)
  A death drake (D:12)
  4 hill giants
  2 unseen horrors
  2 ugly things
  7 elephants
  A cyclops (D:11)
  5 black mambas
  8 spiny frogs
  A kobold demonologist (D:9)
  7 komodo dragons
  2 rime drakes
  6 polar bears
  A two-headed ogre (D:8)
  5 hornets (Lair:6)
  4 hippogriffs
  Prince Ribbit (D:6)
  30 blink frogs
  13 dream sheep
  A vampire (D:9)
  13 spriggans (Lair:6)
  4 wyverns
  3 wraiths (Lair:5)
  53 yaks
  8 hogs
  A human (D:8)
  A hungry ghost (D:11)
  5 basilisks
  A steam dragon (D:11)
  2 vampire mosquitoes (D:11)
  A mottled dragon (D:11)
  A soldier ant (D:12)
  2 nagas (Lair:3)
  14 water moccasins
  11 porcupines
  5 orc warriors
  An ice beast (D:5)
  4 phantoms
  3 black bears
  2 necrophages
  2 sky beasts
  3 boggarts (Lair:6)
  3 centaurs
  19 wolves
  11 ogres
  14 crocodiles
  2 big kobolds (D:10)
  12 bullfrogs
  A water moccasin zombie (D:8)
  4 scorpions
  A water moccasin skeleton (D:10)
  6 electric eels
  6 howler monkeys
  A centaur zombie (D:10)
  6 crimson imps
  8 hounds
  2 quasits
  2 bullfrog skeletons
  8 jellies
  2 centaur skeletons
  3 orc priests
  6 iguanas
  Ijyb (D:2)
  2 worker ants
  2 hell rats (D:6)
  4 orc wizards
  A killer bee zombie (D:7)
  A hound skeleton (D:5)
  A worker ant zombie (D:10)
  4 gnolls (D:3)
  12 adders
  2 howler monkey skeletons
  7 river rats
  2 shadow imps
  An adder zombie (D:9)
  4 worms
  A dart slug (D:4)
  6 leopard geckos
  18 orcs
  3 giant cockroaches
  4 goblins
  10 hobgoblins
  5 jackals
  25 kobolds
  5 quokkas
  A ball python (D:3)
  4 bats
  7 frilled lizards
  A giant cockroach zombie (D:6)
  A quokka skeleton (D:5)
  29 rats
  2 fungi
  3 plants
536 creatures vanquished.

Vanquished Creatures (others)
  A human (Lair:5)
  A wolf (Lair:6)
  A bullfrog (Lair:5)
  2 orc wizards (D:9)
  13 fungi
  8 plants
26 creatures vanquished.

Grand Total: 562 creatures vanquished

Notes
Turn   | Place    | Note
-------+----------+-------------------------------------------
     0 | D:1      | Gorice the Hill Orc Berserker began the quest for the Orb.
     0 | D:1      | Reached XP level 1. HP: 19/19 MP: 1/1
   323 | D:1      | Reached XP level 2. HP: 22/26 MP: 2/2
   484 | D:1      | Reached skill level 5 in Axes
  1061 | D:1      | Reached XP level 3. HP: 31/31 MP: 3/3
  1339 | D:2      | HP: 7/31 [adder (4)]
  1349 | D:2      | Reached skill level 6 in Axes
  1511 | D:2      | Reached XP level 4. HP: 26/39 MP: 4/4
  1560 | D:2      | Reached ** piety under Trog
  1736 | D:2      | Noticed Ijyb
  1794 | D:2      | Killed Ijyb
  1794 | D:2      | Reached skill level 7 in Axes
  2031 | D:2      | Reached XP level 5. HP: 45/45 MP: 5/5
  2309 | D:3      | Found a sacrificial altar of Ru.
  2589 | D:3      | Reached skill level 8 in Axes
  2685 | D:3      | Found a shimmering altar of Xom.
  2685 | D:3      | Noticed an angel
  2686 | D:3      | Found a glowing silver altar of Zin.
  2900 | D:3      | Reached *** piety under Trog
  3040 | D:3      | Reached skill level 1 in Evocations
  3191 | D:4      | Reached XP level 6. HP: 25/51 MP: 3/6
  3423 | D:4      | Found a hazy altar of Hepliaklqana.
  3447 | D:4      | Found a staircase to the Ecumenical Temple.
  3751 | D:3      | HP: 2/51 [ogre/giant club (19)]
  3754 | D:3      | Reached skill level 9 in Axes
  3754 | D:3      | Reached skill level 2 in Evocations
  3945 | D:4      | Reached XP level 7. HP: 57/57 MP: 8/8
  4136 | D:4      | Received a gift from Trog
  4136 | D:4      | Reached skill level 10 in Axes
  4136 | D:4      | Reached skill level 3 in Evocations
  4880 | D:5      | Entered Level 5 of the Dungeon
  5071 | D:5      | HP: 25/85 [ice beast (13)]
  5072 | D:5      | Reached XP level 8. HP: 28/64 MP: 10/10
  5335 | D:5      | Reached skill level 11 in Axes
  5335 | D:5      | Reached skill level 4 in Evocations
  5393 | D:5      | HP: 17/64 [acid (8)]
  5805 | D:6      | Found a glowing golden altar of the Shining One.
  5826 | D:6      | Noticed Prince Ribbit
  6261 | D:6      | Reached skill level 12 in Axes
  6370 | D:6      | Reached skill level 5 in Evocations
  6498 | D:6      | Killed Prince Ribbit
  6498 | D:6      | Reached XP level 9. HP: 42/70 MP: 6/13
  6588 | D:6      | Found a white marble altar of Elyvilon.
  6588 | D:6      | Found a sparkling altar of Nemelex Xobeh.
  6696 | D:6      | Reached **** piety under Trog
  6713 | D:6      | Reached skill level 13 in Axes
  7065 | D:7      | Found Jirhoc's Book Shoppe.
  7494 | D:8      | Reached skill level 6 in Evocations
  7913 | D:8      | Reached skill level 4 in Fighting
  7923 | D:8      | Reached skill level 14 in Axes
  8020 | D:8      | Reached skill level 5 in Fighting
  8020 | D:8      | Reached skill level 3 in Armour
  8203 | D:8      | Reached skill level 4 in Armour
  8219 | D:8      | Reached skill level 6 in Fighting
  8220 | D:8      | Found a staircase to the Lair.
  8255 | D:8      | Found a hide-covered altar of Uskayaw.
  8269 | D:8      | Reached XP level 10. HP: 58/83 MP: 12/14
  8461 | D:8      | Reached skill level 5 in Armour
  8512 | D:8      | Reached skill level 7 in Fighting
  8522 | D:8      | Reached ***** piety under Trog
  8718 | D:8      | Reached skill level 6 in Armour
  8792 | Lair:1   | Entered Level 1 of the Lair of Beasts
  8808 | Lair:1   | Reached skill level 8 in Fighting
  8902 | Lair:1   | Noticed a spiny frog
  8922 | Lair:1   | Killed a spiny frog
  8940 | Lair:1   | HP: 27/90 [poisoned by a spiny frog]
  8945 | Lair:1   | HP: 23/90 [poisoned by a spiny frog]
  8950 | Lair:1   | HP: 22/90 [poisoned by a spiny frog]
  8956 | Lair:1   | HP: 20/90 [poisoned by a spiny frog]
  8964 | Lair:1   | HP: 20/90 [poisoned by a spiny frog]
  8972 | Lair:1   | HP: 20/90 [poisoned by a spiny frog]
  9320 | Lair:1   | Reached skill level 7 in Armour
  9338 | Lair:1   | HP: 27/90 [porcupine (7)]
  9346 | Lair:1   | HP: 22/90 [porcupine (7)]
  9368 | Lair:1   | HP: 26/90 [porcupine (2)]
  9391 | D:8      | HP: 36/135 [porcupine's spines (6)]
  9395 | D:8      | Reached skill level 9 in Fighting
  9855 | Lair:1   | Reached skill level 8 in Armour
  9870 | Lair:1   | Reached XP level 11. HP: 90/99 MP: 13/15
  9883 | Lair:1   | Gained mutation: You tend to lose your temper in combat. [mutagenic glow]
  9950 | Lair:1   | Reached skill level 10 in Fighting
 10252 | Lair:1   | HP: 27/99 [black mamba (3)]
 10691 | Lair:1   | You fall through a shaft!
 10751 | Lair:2   | Reached skill level 9 in Armour
 11087 | Lair:2   | Reached skill level 11 in Fighting
 11487 | Lair:2   | Reached skill level 10 in Armour
 11734 | Lair:3   | Found a staircase to the Swamp.
 12307 | Lair:3   | Found a staircase to the Snake Pit.
 12317 | Lair:3   | Reached skill level 12 in Fighting
 12847 | Lair:4   | Reached skill level 11 in Armour
 12847 | Lair:4   | Reached XP level 12. HP: 91/113 MP: 12/16
 13156 | Lair:4   | HP: 44/169 [blink frog (12)]
 13175 | Lair:4   | HP: 25/113 [blink frog (5)]
 13180 | Lair:4   | HP: 21/113 [blink frog (3)]
 13258 | Lair:4   | HP: 28/113 [porcupine's spines (11)]
 13583 | Lair:4   | Reached skill level 13 in Fighting
 13620 | Lair:4   | HP: 27/115 [yak (9)]
 13963 | Lair:4   | HP: 32/115 [spiny frog (12)]
 13968 | Lair:4   | HP: 17/115 [poisoned by a spiny frog]
 13972 | Lair:4   | HP: 7/115 [spiny frog (15)]
 14014 | Lair:4   | Noticed a six-headed hydra
 15110 | D:9      | HP: 34/115 [poisoned by an orange demon]
 15117 | D:9      | Received a gift from Trog
 15120 | D:9      | HP: 33/115 [orc priest/divine providence (9)]
 15615 | Lair:2   | Reached skill level 12 in Armour
 15789 | Lair:4   | Reached skill level 15 in Axes
 15833 | Lair:4   | Noticed an eight-headed hydra
 15845 | Lair:4   | HP: 26/115 [eight-headed hydra (9)]
 15849 | Lair:4   | Killed an eight-headed hydra
 15904 | Lair:4   | Killed a six-headed hydra
 16177 | Lair:4   | Reached skill level 13 in Armour
 16195 | Lair:4   | HP: 33/115 [blink frog (3)]
 16199 | Lair:4   | Reached XP level 13. HP: 36/122 MP: 7/17
 16541 | Lair:4   | Reached skill level 16 in Axes
 17207 | Lair:5   | Noticed Kirke
 17220 | Lair:5   | Killed Kirke
 17220 | Lair:5   | Reached skill level 14 in Armour
 17222 | Lair:5   | Reached skill level 17 in Axes
 17435 | Lair:5   | Noticed Josephine
 17450 | Lair:5   | Killed Josephine
 17455 | Lair:5   | HP: 36/122 [spiny frog (7)]
 17458 | Lair:5   | HP: 10/122 [spiny frog (14)]
 18006 | Lair:5   | Found a staircase to the Slime Pits.
 18037 | Lair:6   | Entered Level 6 of the Lair of Beasts
 18073 | Lair:6   | Reached skill level 15 in Armour
 18139 | Lair:6   | Reached skill level 18 in Axes
 18144 | Lair:6   | Received a gift from Trog
 18551 | Lair:6   | Reached XP level 14. HP: 129/129 MP: 16/18
 18946 | Lair:6   | Reached skill level 19 in Axes
 19049 | Lair:6   | Reached skill level 16 in Armour
 19155 | Lair:6   | Got an ancient cloak
 19186 | Lair:6   | Identified the -6 cloak of Nige {Dex+3 SInv} (You found it on level 6 of the Lair of Beasts)
 19186 | Lair:6   | --Hmm Nige, your cloak is really crap
 19614 | Lair:6   | Got a wavering turquoise ring
 19617 | Lair:6   | Identified the ring "Ahik" {Ice *Contam Int+5} (You took it off a spriggan on level 6 of the Lair of Beasts)
 20312 | D:10     | Entered Level 10 of the Dungeon
 20338 | D:10     | Found a shimmering altar of Xom.
 20434 | D:10     | Found a shimmering altar of Xom.
 20434 | D:10     | Found a shimmering altar of Xom.
 20434 | D:10     | Found a shimmering altar of Xom.
 20434 | D:10     | Found a shimmering altar of Xom.
 21199 | D:11     | Reached skill level 20 in Axes
 21204 | D:11     | Reached ****** piety under Trog
 21255 | D:11     | Received a gift from Trog
 21286 | D:11     | Reached skill level 17 in Armour
 21769 | D:12     | Found a portal to a secret trove of treasure.
 21865 | D:12     | Found a staircase to the Orcish Mines.
 21897 | D:12     | Noticed Nessos
 21897 | D:12     | Noticed Nessos
 21897 | D:12     | Nessos changed into Nessos the death drake
 21913 | D:12     | HP: 38/128 [Nessos the death drake] (1)]
 21915 | D:12     | HP: 6/127 [poisoned by Nessos (dark miasma)]
 21920 | D:12     | HP: 16/129 [poisoned by Nessos (dark miasma)]
 21925 | D:12     | Killed Nessos the death drake
 21925 | D:12     | HP: 6/192 [something (3)]
 21925 | D:12     | HP: 2/192 [poison (dark miasma)]
 21926 | D:12     | Succumbed to poison (dark miasma)

Skill      XL: |  1  2  3  4  5  6  7  8  9 10 11 12 13 14 |
---------------+-------------------------------------------+-----
Axes           | 5 6 7 8 9 10 12 14 15 18 20 | 20.3
Evocations     | 1 2 3 5 6 |  6.1
Fighting       | 6 9 12 13 | 13.8
Armour         | 4 8 11 13 15 17 | 17.5
Dodging        | |  1.5

Action                   |  1- 3 |  4- 6 |  7- 9 | 10-12 | 13-15 || total
-------------------------+-------+-------+-------+-------+-------++-------
Melee: Hand axe          |    91 |   249 |   501 |   924 |       ||  1765
       Hunting sling     |       |       |     9 |       |       ||     9
       Battleaxe         |       |       |       |   202 |   781 ||   983
       Trident           |       |       |       |    15 |    26 ||    41
 Fire: Hunting sling     |       |    17 |    68 |    24 |       ||   109
Throw: Stone             |       |    14 |       |       |       ||    14
       Tomahawk          |       |       |       |     2 |    12 ||    14
Invok: Berserk           |       |     2 |    11 |     2 |     1 ||    16
 Abil: Evoke Invisibilit |       |     3 |     2 |     7 |       ||    12
Evoke: Wand              |       |       |     2 |       |     2 ||     4
  Use: Scroll            |     6 |     1 |    13 |     4 |     2 ||    26
       Potion            |     1 |     1 |       |     5 |     9 ||    16
 Stab: Invisible         |       |     6 |     3 |    26 |       ||    35
  Eat: Chunk             |     2 |     8 |    19 |    18 |    22 ||    69
       Pizza             |       |     1 |     2 |     3 |       ||     6
       Beef jerky        |       |       |     1 |     2 |       ||     3
       Meat ration       |       |       |     1 |       |       ||     1
       Bread ration      |       |       |       |     1 |       ||     1
Armor: Animal skin       |     6 |       |       |       |       ||     6
       Mottled dragon sc |    17 |    63 |   135 |    21 |       ||   236
       Chain mail        |       |       |       |   314 |       ||   314
       Plate armour      |       |       |       |   133 |   539 ||   672
       Skin              |       |       |       |       |    10 ||    10
Dodge: Dodged            |    53 |   127 |   166 |   339 |   289 ||   974

Table legend:
 A = Turns spent in this place as a percentage of turns spent in the entire game.
 B = Non-inter-level travel turns spent in this place as a percentage of non-inter-level travel turns spent in the entire game.
 C = Inter-level travel turns spent in this place as a percentage of turns spent in this place.
 D = Turns resting spent in this place as a percentage of non-inter-level travel turns spent in this place.
 E = Turns spent auto-exploring this place as a percentage of non-inter-level travel turns spent in this place.
 F = Non-inter-level travel turns spent in this place divided by the number of levels of this place that you've seen.
                   A       B       C       D       E      F
               +-------+-------+-------+-------+-------+----------------------
         Total | 100.0 | 100.0 |   0.4 |   2.8 |   4.7 | 446.1
       Dungeon |  56.2 |  56.2 |   0.3 |   2.5 |   5.6 | 376.2
          Lair |  43.8 |  43.8 |   0.5 |   3.1 |   3.5 | 585.8
               +-------+-------+-------+-------+-------+----------------------

Vault maps used:
D:1:      scummos_arrival_gate
D:2:      uniq_iyjb
D:3:      grunt_temple_overflow_order_and_chaos_1, overflow_temple_1_default,
          kennysheep_generic_room_9
D:4:      wad_lake_hut, kennysheep_mini, first_bread, kennysheep_generic_room_8
D:6:      lemuel_ratsnest, gammafunk_temple_overflow_wave, tso_metal_star,
          uniq_prince_ribbit1
D:7:      serial_shops, nicolae_shop_waterfront
D:8:      eat_drink_and_be_merry_uskayaw, minmay_lair_entry_grove,
          grunt_livestock
D:9:      minmay_pinched_square
D:10:     xom_shifter_show
D:11:     kennysheep_generic_room_4
D:12:     minmay_triangles_in_corner, david_orc_2, enter_trove_2,
          hangedman_abyss_or_decor_lesser_grid, uniq_nessos
Lair:1:   minivault_27
Lair:2:   grunt_megastairs_5, lemuel_fruit_fields, lemuel_fruit_tree
Lair:3:   swamp_mist_pool, guppyfry_snake_entry_garden, serial_bayou_shore_b
Lair:4:   st_stairs_13, infiniplex_staircase_pool_2, grunt_megastairs_1
Lair:5:   nicolae_slime_entry_slimehenge, uniq_josephine, uniq_kirke
Lair:6:   minmay_lair_end_enchanted_forest
